 Dungeon Crawl Stone Soup version 0.31-a0-164-g2312942fda (webtiles) character file.

Game seed: 135236160839113418

91 qw the Shooter (level 4, -4/40 HPs)
             Began as a Naga Hunter on June 13, 2023.
             Killed from afar by a steam dragon (10 damage)
             ... with a ball of steam
             ... on level 4 of the Dungeon.
             The game lasted 00:00:28 (1427 turns).

qw the Shooter (Naga Hunter)                        Turns: 1427, Time: 00:00:29

Health: -4/40      AC:  2    Str: 14    XL:     4   Next: 59%
Magic:  4/4        EV:  9    Int:  9    God:
Gold:   125        SH:  0    Dex: 16    Spells: 3/3 levels left

rFire   . . .        Y - +0 shortbow
rCold   . . .        (shield currently unavailable)
rNeg    . . .        c - +0 leather armour
rPois   +            (no helmet)
rElec   .            (no cloak)
rCorr   .            (no gloves)
SInv    +            (no barding)
Will    .....        (no amulet)
Stlth   ++           (no ring)
HPRegen 0.26/turn    (no ring)
MPRegen 0.09/turn

%: no passive effects
@: short of breath, very slow
A: AC +1, large, see invisible, deformed body, poison resistance, slowness 2,
spit poison 1, naga tail 1
a: Spit Poison


You were on level 4 of the Dungeon.
You visited 1 branch of the dungeon, and saw 3 of its levels.

You collected 125 gold pieces.


Innate Abilities, Weirdness & Mutations

Your serpentine skin is tough. (AC +1)
You have supernaturally acute eyesight. (SInv)
Armour fits poorly on your strangely shaped body.
Your system is resistant to poisons. (rPois)
You cover ground very slowly.
You can spit poison.
You have a snake-like lower body.


   Skills:
 + Level 2.8 Fighting
 - Level 5.0 Ranged Weapons
 - Level 1.5 Dodging
 - Level 1.5 Stealth


You had 3 spell levels left.
You didn't know any spells.
Your spell library was empty.

Inventory:

Hand Weapons
 Y - a +0 shortbow (weapon)
Armour
 b - a scarf of harm
 c - a +0 leather armour (worn)
Scrolls
 d - a scroll of summoning {unknown}
 e - a scroll of fear {unknown}
Potions
 a - 2 potions of heal wounds {unknown}
 f - a potion of brilliance {unknown}
 g - a potion of curing {unknown}
 h - a potion of lignification {unknown}
 i - a potion of degeneration {unknown}
 j - a potion of mutation {unknown}

Dungeon Overview and Level Annotations

Branches:
Dungeon (2/15)

Altars:

Annotations:
D:2 Terence


Message History

The arrow hits the hobgoblin but does no damage.
The hobgoblin is moderately wounded.
The hobgoblin barely misses you. The hobgoblin misses you.
You shoot an arrow. The arrow barely misses the hobgoblin.
The arrow hits the steam dragon.
The steam dragon is lightly wounded.
The hobgoblin closely misses you.
You shoot an arrow. The arrow hits the hobgoblin!
You kill the hobgoblin!
A howler monkey comes into view.
The steam dragon breathes steam at you. The ball of steam hits you!
You shoot an arrow.
The arrow barely misses the steam dragon.
You are engulfed in a cloud of scalding steam.
The howler monkey is engulfed in a cloud of scalding steam.
The howler monkey hits you.
You shoot an arrow. The arrow hits the howler monkey!
The howler monkey is severely wounded.
You are engulfed in a cloud of scalding steam.
You have got your breath back.
The howler monkey is engulfed in a cloud of scalding steam.
The howler monkey dies!
1425 ||| INVOKING Spit Poison.
Aiming: Spit Poison (1% risk of failure)
Press: ? - help, Shift-Dir - straight line, f - steam dragon The splash of poison hits the steam dragon but does no damage.
The steam dragon is poisoned.
The steam dragon is lightly wounded.
You shoot an arrow.
The arrow hits the steam dragon but does no damage.
The steam dragon is lightly wounded.
The steam dragon bites you.
The steam dragon claws you but does no damage.
The steam dragon closely misses you. x2
You shoot an arrow. The arrow hits the steam dragon!
The steam dragon is moderately wounded.
The steam dragon breathes steam at you. The ball of steam hits you!
You die...

.>####.....#
#..
...........#
###
.###.....)#
##.......#
#........#
#.......##
#...#####
#.#.##
##..@# ###D#
..# #.## ..
###


You could see a steam dragon (poisoned, catching breath).

Vanquished Creatures
  A gnoll (D:1)
  2 adders (D:2)
  3 worms (D:2)
  A dart slug (D:4)
  5 orcs (D:4)
  6 endoplasms
  3 giant cockroaches (D:2)
  2 goblins
  2 hobgoblins
  2 ball pythons
  A frilled lizard (D:1)
  6 kobolds
  A rat (D:1)
35 creatures vanquished.

Vanquished Creatures (others)
  A howler monkey (D:4)
1 creature vanquished.

Grand Total: 36 creatures vanquished

Notes
Turn   | Place    | Note
-------+----------+-------------------------------------------
     0 | D:1      | qw the Naga Hunter began the quest for the Orb.
     0 | D:1      | Reached XP level 1. HP: 19/19 MP: 1/1
     0 | D:1      | 0 ||| qw: Version: 0.2-a-29-gc1b59c4
     0 | D:1      | 0 ||| qw: Game counter: 4556
     0 | D:1      | 0 ||| qw: Always use a shield: true
     0 | D:1      | 0 ||| qw: God list: Okawaru
     0 | D:1      | 0 ||| qw: Allow faded altars: false
     0 | D:1      | 0 ||| qw: Do Orc after D:15 true
     0 | D:1      | 0 ||| qw: Do second Lair branch before Depths: true
     0 | D:1      | 0 ||| qw: Lair rune preference: random
     0 | D:1      | 0 ||| qw: Plans: Normal
     0 | D:1      | 0 ||| PLANNING D:1-11
    73 | D:1      | 73 ||| INVOKING Spit Poison.
   108 | D:1      | 108 ||| INVOKING Spit Poison.
   328 | D:1      | 328 ||| INVOKING Spit Poison.
   331 | D:1      | 331 ||| INVOKING Spit Poison.
   333 | D:1      | Reached skill level 4 in Ranged Weapons
   333 | D:1      | Reached XP level 2. HP: 24/26 MP: 2/2
   407 | D:1      | 407 ||| INVOKING Spit Poison.
   588 | D:1      | 588 ||| INVOKING Spit Poison.
   672 | D:1      | Found a faded altar of an unknown god.
   766 | D:1      | 766 ||| READING scroll labelled YFOYCR XUTWOL.
   767 | D:1      | 767 ||| READING scroll labelled ICVEMAYPPYC.
   768 | D:1      | 768 ||| READING 2 scrolls labelled DIEMOH OKOXON.
   769 | D:1      | 769 ||| DRINKING 2 viscous grey potions.
   874 | D:1      | 874 ||| DROPPING scroll of butterflies.
   875 | D:1      | 875 ||| DROPPING potion of berserk rage.
   876 | D:1      | 876 ||| DROPPING scroll of blinking.
   919 | D:2      | 919 ||| INVOKING Spit Poison.
   951 | D:2      | 951 ||| INVOKING Spit Poison.
   956 | D:2      | 956 ||| INVOKING Spit Poison.
   962 | D:2      | 962 ||| INVOKING Spit Poison.
   964 | D:2      | Reached XP level 3. HP: 32/32 MP: 3/3
   966 | D:2      | 966 ||| INVOKING Spit Poison.
   969 | D:2      | 969 ||| INVOKING Spit Poison.
  1001 | D:2      | 1001 ||| INVOKING Spit Poison.
  1010 | D:2      | 1010 ||| INVOKING Spit Poison.
  1029 | D:2      | 1029 ||| INVOKING Spit Poison.
  1163 | D:2      | 1163 ||| INVOKING Spit Poison.
  1168 | D:2      | 1168 ||| INVOKING Spit Poison.
  1173 | D:2      | Reached skill level 5 in Ranged Weapons
  1176 | D:2      | Reached XP level 4. HP: 39/39 MP: 4/4
  1259 | D:2      | Noticed Terence
  1259 | D:2      | You fall into a shaft and drop 2 floors!
  1265 | D:4      | 1265 ||| INVOKING Spit Poison.
  1269 | D:4      | 1269 ||| INVOKING Spit Poison.
  1272 | D:4      | 1272 ||| INVOKING Spit Poison.
  1276 | D:4      | 1276 ||| INVOKING Spit Poison.
  1373 | D:4      | 1373 ||| INVOKING Spit Poison.
  1404 | D:4      | 1404 ||| INVOKING Spit Poison.
  1418 | D:4      | 1418 ||| INVOKING Spit Poison.
  1418 | D:4      | Noticed a steam dragon
  1424 | D:4      | HP: 10/40 [steam dragon] (6)]
  1425 | D:4      | 1425 ||| INVOKING Spit Poison.
  1427 | D:4      | Killed from afar by a steam dragon

Levels and vault maps discovered:
D:1:      spicycebolla_arrival_clurvy, layout_loops_corners,
          hellmonk_ecumenical_altar_prayer_group
D:2:      layout_basic, st_stairs_8, minmay_misc_feat_iff, nicolae_wormholes,
          uniq_terence
D:4:      layout_basic, minmay_manual_monstrance

Skill      XL: |  1  2  3 |
---------------+----------+-----
Ranged Weapons | 4 5 |  5.0
Fighting       | |  2.8
Dodging        | |  1.5
Stealth        | |  1.5

Action                     |  1- 3 |  4- 6 || total
---------------------------+-------+-------++-------
   Fire: Shortbow          |    45 |    28 ||    73
Ability: Spit Poison       |    17 |     8 ||    25
    Use: Scroll            |     3 |       ||     3
         Potion            |     1 |       ||     1
 Armour: Leather armour    |       |     1 ||     1
  Dodge: Dodged            |     8 |     9 ||    17

Table legend:
 A = Non-vault XP
 B = Vault XP
 C = Vault XP percentage of total XP
 D = Non-vault monster count
 E = Vault monster count
 F = Vault count percentage of total count
                 A         B        C        D         E       F
            +---------+---------+-------+---------+---------+-------
      Total |      81 |      50 |  38.2 |      24 |      12 |  33.3
            +---------+---------+-------+---------+---------+-------
        D:1 |      17 |       6 |  26.1 |       4 |       4 |  50.0
        D:2 |      45 |      18 |  28.6 |      13 |       5 |  27.8
        D:4 |      19 |      26 |  57.8 |       7 |       3 |  30.0
            +---------+---------+-------+---------+---------+-------
